Workbook

Sheet FACTURACION SAE CENTRO 2025
A1: N° | B1: FMI | C1: SERIE | D1: ESTADO | E1: SERIE | F1: DIRECCION INMUEBLE | G1: FECHA SERVICIO | H1: CIUDAD | I1: FUNCIONARIO | J1: ITEM | K1: CONCEPTO DEL SERVICIO | L1: TIPO DE SERVICIO | M1: CANTIDAD | N1: VALOR OFERTA | O1: SUBTOTAL | P1: IVA 19% | Q1: AIU | R1: IVA AIU | S1: TOTAL
A2: 1 | B2: 50C-1424391 | C2: URBANO | D2: EXTINTO | E2: 10102128002195-001 | F2: RESTAURANTE ZAFIRO -- CRA 56 # 17 A - 39 | G2: 45589 | H2: BOGOTÁ | I2: CESAR CASTAÑO | J2: 68 | K2: =VLOOKUP(J2,[1]TARIFARIO!$A$2:$B$83,2,0) -> CUSTODIO 12 HORAS | L2: CUSTODIO | M2: =12*31 -> 372 | N2: =VLOOKUP(J2,TARIFARIO!$A$2:$D$83,4,0) -> 16964 | O2: =M2*N2 -> 6310608 | P2: 0 | Q2: =+O2*6% -> 378636.48 | R2: =Q2*19% -> 71940.931 | S2: =O2+P2+Q2+R2 -> 6761185.4
A3: 2 | B3: 50C-1424391 | C3: URBANO | D3: EXTINTO | E3: 10102128002195-001 | F3: DROGERIA COMISALUD -- CRA 86F No.35B SUR-09 | G3: 45589 | H3: BOGOTÁ | I3: MARIO SALAZAR | J3: 68 | K3: =VLOOKUP(J3,[1]TARIFARIO!$A$2:$B$83,2,0) -> CUSTODIO 12 HORAS | L3: CUSTODIO | M3: =12*31 -> 372 | N3: =VLOOKUP(J3,TARIFARIO!$A$2:$D$83,4,0) -> 16964 | O3: =M3*N3 -> 6310608 | P3: 0 | Q3: =+O3*6% -> 378636.48 | R3: =Q3*19% -> 71940.931 | S3: =O3+P3+Q3+R3 -> 6761185.4
A4: 3 | B4: 50C-1424391 | C4: URBANO | D4: EXTINTO | E4: 10102128002195-001 | F4: DROGUERIA BELLA VISTA -- CRA 69 # 69-73 | G4: 45589 | H4: BOGOTÁ | I4: CARLOS CAICEDO | J4: 68 | K4: =VLOOKUP(J4,[1]TARIFARIO!$A$2:$B$83,2,0) -> CUSTODIO 12 HORAS | L4: CUSTODIO | M4: =12*31 -> 372 | N4: =VLOOKUP(J4,TARIFARIO!$A$2:$D$83,4,0) -> 16964 | O4: =M4*N4 -> 6310608 | P4: 0 | Q4: =+O4*6% -> 378636.48 | R4: =Q4*19% -> 71940.931 | S4: =O4+P4+Q4+R4 -> 6761185.4
A5: 4 | B5: 50C-1424391 | C5: URBANO | D5: EXTINTO | E5: 10102128002195-001 | F5: JUAN DROGAS -- CRA 19D 65-80 | G5: 45589 | H5: BOGOTÁ | I5: KAREN GRISALES | J5: 68 | K5: =VLOOKUP(J5,[1]TARIFARIO!$A$2:$B$83,2,0) -> CUSTODIO 12 HORAS | L5: CUSTODIO | M5: =12*31 -> 372 | N5: =VLOOKUP(J5,TARIFARIO!$A$2:$D$83,4,0) -> 16964 | O5: =M5*N5 -> 6310608 | P5: 0 | Q5: =+O5*6% -> 378636.48 | R5: =Q5*19% -> 71940.931 | S5: =O5+P5+Q5+R5 -> 6761185.4
A6: 5 | B6: 50C-1424391 | C6: URBANO | D6: EXTINTO | E6: 10102128002195-001 | F6: EMILY SPA -- Kra 40 No. 5-44 | G6: 45589 | H6: BOGOTÁ | I6: CESAR CASTAÑO | J6: 68 | K6: =VLOOKUP(J6,[1]TARIFARIO!$A$2:$B$83,2,0) -> CUSTODIO 12 HORAS | L6: CUSTODIO | M6: =12*31 -> 372 | N6: =VLOOKUP(J6,TARIFARIO!$A$2:$D$83,4,0) -> 16964 | O6: =M6*N6 -> 6310608 | P6: 0 | Q6: =+O6*6% -> 378636.48 | R6: =Q6*19% -> 71940.931 | S6: =O6+P6+Q6+R6 -> 6761185.4
A7: 6 | B7: 50C-1424391 | C7: URBANO | D7: EXTINTO | E7: 10102128002195-001 | F7: SKANDIA No. 6 -- CALLE 62 sur No. 87B- 90 | G7: 45589 | H7: BOGOTÁ | I7: MARIO SALAZAR | J7: 68 | K7: =VLOOKUP(J7,[1]TARIFARIO!$A$2:$B$83,2,0) -> CUSTODIO 12 HORAS | L7: CUSTODIO | M7: =12*31 -> 372 | N7: =VLOOKUP(J7,TARIFARIO!$A$2:$D$83,4,0) -> 16964 | O7: =M7*N7 -> 6310608 | P7: 0 | Q7: =+O7*6% -> 378636.48 | R7: =Q7*19% -> 71940.931 | S7: =O7+P7+Q7+R7 -> 6761185.4
A8: 7 | B8: 50C-1424391 | C8: URBANO | D8: EXTINTO | E8: 10102128002195-001 | F8: Librería Estudio 16 -- CALLE 16 8 A 17 | G8: 45589 | H8: BOGOTÁ | I8: WISTHON SANCHEZ | J8: 68 | K8: =VLOOKUP(J8,[1]TARIFARIO!$A$2:$B$83,2,0) -> CUSTODIO 12 HORAS | L8: CUSTODIO | M8: =12*31 -> 372 | N8: =VLOOKUP(J8,TARIFARIO!$A$2:$D$83,4,0) -> 16964 | O8: =M8*N8 -> 6310608 | P8: 0 | Q8: =+O8*6% -> 378636.48 | R8: =Q8*19% -> 71940.931 | S8: =O8+P8+Q8+R8 -> 6761185.4
A9: 8 | B9: 50N-20521266 | C9: URBANO | D9: EXTINTO | E9: 10102128002195-001 | F9: HANGAR GUAYMARAL | G9: 45589 | H9: CHIA | I9: OSCAR VELAZQUEZ | J9: 68 | K9: =VLOOKUP(J9,[1]TARIFARIO!$A$2:$B$83,2,0) -> CUSTODIO 12 HORAS | L9: CUSTODIO | M9: =12*31 -> 372 | N9: =VLOOKUP(J9,TARIFARIO!$A$2:$D$83,4,0) -> 16964 | O9: =M9*N9 -> 6310608 | P9: 0 | Q9: =+O9*6% -> 378636.48 | R9: =Q9*19% -> 71940.931 | S9: =O9+P9+Q9+R9 -> 6761185.4
A10: 9 | B10: 154-5166 154-20957 154-37267 154-22603 154-10557 | C10: RURAL | D10: PROCESO | E10: 20101534001534-001 20101534001534-002 20101534001534-003 20101534001534-004 20101534001534-005 | F10: Finca el Valle | G10: 45589 | H10: CHOCONTA | I10: OSCAR VELAZQUEZ | J10: 68 | K10: =VLOOKUP(J10,[1]TARIFARIO!$A$2:$B$83,2,0) -> CUSTODIO 12 HORAS | L10: CUSTODIO | M10: =12*2*31 -> 744 | N10: =VLOOKUP(J10,TARIFARIO!$A$2:$D$83,4,0) -> 16964 | O10: =M10*N10 -> 12621216 | P10: 0 | Q10: =+O10*6% -> 757272.96 | R10: =Q10*19% -> 143881.86 | S10: =O10+P10+Q10+R10 -> 13522371
A11: 10 | B11: 176-122089 176-119732 | C11: RURAL | D11: EXTINTO | E11: 30115842028580-001 | F11: Finca Abetos en Cajicá Cundinamarca | G11: 45589 | H11: CAJICÁ | I11: ANTONIO MAURICIO ROMAN | J11: 68 | K11: =VLOOKUP(J11,[1]TARIFARIO!$A$2:$B$83,2,0) -> CUSTODIO 12 HORAS | L11: CUSTODIO | M11: =12*31 -> 372 | N11: =VLOOKUP(J11,TARIFARIO!$A$2:$D$83,4,0) -> 16964 | O11: =M11*N11 -> 6310608 | P11: 0 | Q11: =+O11*6% -> 378636.48 | R11: =Q11*19% -> 71940.931 | S11: =O11+P11+Q11+R11 -> 6761185.4
A12: 11 | B12: 300-292950 | C12: URBANO | D12: PROCESO | E12: 3.120241e+18 | F12: SURTIMINEROS LTDA Dirección Carrera 16 No. 13-56 | G12: 45594 | H12: B/MANGA | I12: JEISSON ANDRES GONZALEZ GARCÍA | J12: 70 | K12: =VLOOKUP(J12,[1]TARIFARIO!$A$2:$B$83,2,0) -> CUSTODIO 24 HORAS | L12: CUSTODIO | M12: =24*31 -> 744 | N12: =VLOOKUP(J12,TARIFARIO!$A$2:$D$83,4,0) -> 18392 | O12: =M12*N12 -> 13683648 | P12: 0 | Q12: =+O12*6% -> 821018.88 | R12: =Q12*19% -> 155993.59 | S12: =O12+P12+Q12+R12 -> 14660660
A13: 13 | B13: 410-20937 | C13: URBANO | D13: PROCESO | F13: CRA 18 N 19 - 51 | G13: 45601 | H13: ARAUCA | I13: DANIELA AGUJA SANCHEZ | J13: 68 | K13: =VLOOKUP(J13,[1]TARIFARIO!$A$2:$B$83,2,0) -> CUSTODIO 12 HORAS | L13: CUSTODIO | M13: =12*31 -> 372 | N13: =VLOOKUP(J13,[2]TARIFARIO!$A$2:$D$83,4,0) -> 16964 | O13: =M13*N13 -> 6310608 | P13: 0 | Q13: =+O13*6% -> 378636.48 | R13: =Q13*19% -> 71940.931 | S13: =O13+P13+Q13+R13 -> 6761185.4
A14: 12 | B14: 260-82641 | C14: URBANO | D14: PROCESO | E14: 20102738003751-001 | F14: CL 9 # 9 14 | G14: 45596 | H14: CUCUTA | I14: SERGIO VERA | J14: 68 | K14: =VLOOKUP(J14,[1]TARIFARIO!$A$2:$B$83,2,0) -> CUSTODIO 12 HORAS | L14: CUSTODIO | M14: =12*28 -> 336 | N14: =VLOOKUP(J14,TARIFARIO!$A$2:$D$83,4,0) -> 16964 | O14: =M14*N14 -> 5699904 | P14: 0 | Q14: =+O14*6% -> 341994.24 | R14: =Q14*19% -> 64978.906 | S14: =O14+P14+Q14+R14 -> 6106877.1
A15: 14 | B15: 230-10657 | C15: URBANO | D15: PROCESO | E15: 20100692000692-001 | F15: CR 30 41A 79 LT 4 BRR LA GRAMA | G15: 45601 | H15: VILLAVICENCIO | I15: YENSI AVILEZ BERMUDEZ | J15: 68 | K15: =VLOOKUP(J15,[1]TARIFARIO!$A$2:$B$83,2,0) -> CUSTODIO 12 HORAS | L15: CUSTODIO | M15: =12*31 -> 372 | N15: =VLOOKUP(J15,TARIFARIO!$A$2:$D$83,4,0) -> 16964 | O15: =M15*N15 -> 6310608 | P15: 0 | Q15: =+O15*6% -> 378636.48 | R15: =Q15*19% -> 71940.931 | S15: =O15+P15+Q15+R15 -> 6761185.4
A16: 15 | B16: 230-2598 | C16: URBANO | D16: PROCESO | E16: 20101658001658-001 | F16: KR 44 C 32 11 HOY LA SELVA | G16: 45601 | H16: VILLAVICENCIO | I16: YENSI AVILEZ BERMUDEZ | J16: 68 | K16: =VLOOKUP(J16,[1]TARIFARIO!$A$2:$B$83,2,0) -> CUSTODIO 12 HORAS | L16: CUSTODIO | M16: =12*31 -> 372 | N16: =VLOOKUP(J16,TARIFARIO!$A$2:$D$83,4,0) -> 16964 | O16: =M16*N16 -> 6310608 | P16: 0 | Q16: =+O16*6% -> 378636.48 | R16: =Q16*19% -> 71940.931 | S16: =O16+P16+Q16+R16 -> 6761185.4
A17: 16 | B17: 232-17266 | C17: RURAL | D17: PROCESO | E17: 30117084030774-002 | F17: Finca El Edén | G17: 45601 | H17: GUAMAL | I17: YENSI AVILEZ BERMUDEZ | J17: 68 | K17: =VLOOKUP(J17,[1]TARIFARIO!$A$2:$B$83,2,0) -> CUSTODIO 12 HORAS | L17: CUSTODIO | M17: =12*31 -> 372 | N17: =VLOOKUP(J17,TARIFARIO!$A$2:$D$83,4,0) -> 16964 | O17: =M17*N17 -> 6310608 | P17: 0 | Q17: =+O17*6% -> 378636.48 | R17: =Q17*19% -> 71940.931 | S17: =O17+P17+Q17+R17 -> 6761185.4
A18: 17 | B18: 420-30143 | C18: RURAL | D18: EXTINTO | E18: 10113734021074-001 | F18: Villa Maria Vereda Morrocoy | G18: 45610 | H18: DONCELLO - CAQUETA | I18: JAICSSON GUILLERMO QUINONES ALARCON | J18: 70 | K18: =VLOOKUP(J18,[1]TARIFARIO!$A$2:$B$83,2,0) -> CUSTODIO 24 HORAS | L18: CUSTODIO | M18: =24*31 -> 744 | N18: =VLOOKUP(J18,TARIFARIO!$A$2:$D$83,4,0) -> 18392 | O18: =M18*N18 -> 13683648 | P18: 0 | Q18: =+O18*6% -> 821018.88 | R18: =Q18*19% -> 155993.59 | S18: =O18+P18+Q18+R18 -> 14660660
A19: 18 | B19: 50N-182785 | C19: URBANO | D19: EXTINTO | E19: 10101710001710-001 | F19: KR 70 A No. 100 - 05 | G19: 45610 | H19: BOGOTÁ | I19: NASLY DAYFENY CULMA PRADA | J19: 68 | K19: =VLOOKUP(J19,[1]TARIFARIO!$A$2:$B$83,2,0) -> CUSTODIO 12 HORAS | L19: CUSTODIO | M19: =12*31 -> 372 | N19: =VLOOKUP(J19,TARIFARIO!$A$2:$D$83,4,0) -> 16964 | O19: =M19*N19 -> 6310608 | P19: 0 | Q19: =+O19*6% -> 378636.48 | R19: =Q19*19% -> 71940.931 | S19: =O19+P19+Q19+R19 -> 6761185.4
A20: 19 | B20: 50C-200381 | C20: URBANO | D20: PROCESO | E20: 3.120231e+18 | F20: HOTEL SAN NICOLAS - CLL 38 - 29 -12 | G20: 45601 | H20: BOGOTÁ | I20: ANTONIO MAURICIO ROMAN | J20: 69 | K20: =VLOOKUP(J20,[1]TARIFARIO!$A$2:$B$83,2,0) -> CUSTODIO 12 HORAS ALTERNAS | L20: CUSTODIO | M20: =12*31 -> 372 | N20: =VLOOKUP(J20,TARIFARIO!$A$2:$D$83,4,0) -> 18895 | O20: =M20*N20 -> 7028940 | P20: 0 | Q20: =+O20*6% -> 421736.4 | R20: =Q20*19% -> 80129.916 | S20: =O20+P20+Q20+R20 -> 7530806.3
A21: 20 | B21: 50S-128204 | C21: URBANO | D21: PROCESO | E21: 30116823030334-001 | F21: CL 41 F SUR 78 B 23 | G21: 45601 | H21: BOGOTÁ | I21: ANTONIO MAURICIO ROMAN | J21: 68 | K21: =VLOOKUP(J21,[1]TARIFARIO!$A$2:$B$83,2,0) -> CUSTODIO 12 HORAS | L21: CUSTODIO | M21: =12*31 -> 372 | N21: =VLOOKUP(J21,TARIFARIO!$A$2:$D$83,4,0) -> 16964 | O21: =M21*N21 -> 6310608 | P21: 0 | Q21: =+O21*6% -> 378636.48 | R21: =Q21*19% -> 71940.931 | S21: =O21+P21+Q21+R21 -> 6761185.4
A22: 21 | B22: 50S-286838 | C22: URBANO | D22: PROCESO | E22: 20100436000436-001 | F22: CR 13 ESTE 44B 22 SUR | G22: 45601 | H22: BOGOTÁ | I22: ANTONIO MAURICIO ROMAN | J22: 68 | K22: =VLOOKUP(J22,[1]TARIFARIO!$A$2:$B$83,2,0) -> CUSTODIO 12 HORAS | L22: CUSTODIO | M22: =12*27 -> 324 | N22: =VLOOKUP(J22,TARIFARIO!$A$2:$D$83,4,0) -> 16964 | O22: =M22*N22 -> 5496336 | P22: 0 | Q22: =+O22*6% -> 329780.16 | R22: =Q22*19% -> 62658.23 | S22: =O22+P22+Q22+R22 -> 5888774.4
A23: 22 | B23: 50N-112229 | C23: URBANO | D23: PROCESO | E23: 10101415001415-001 | F23: CR 21 137 51 -- CRA 22 #131-51 | G23: 45601 | H23: BOGOTÁ | I23: ANTONIO MAURICIO ROMAN | J23: 68 | K23: =VLOOKUP(J23,[1]TARIFARIO!$A$2:$B$83,2,0) -> CUSTODIO 12 HORAS | L23: CUSTODIO | M23: =12*30 -> 360 | N23: =VLOOKUP(J23,TARIFARIO!$A$2:$D$83,4,0) -> 16964 | O23: =M23*N23 -> 6107040 | P23: 0 | Q23: =+O23*6% -> 366422.4 | R23: =Q23*19% -> 69620.256 | S23: =O23+P23+Q23+R23 -> 6543082.7
A24: 23 | B24: 50S-47192 50S-214644 | C24: URBANO | D24: PROCESO | E24: 10101434001434-002 10101434001434-001 | F24: DG 39 A SUR 39 76 | G24: 45601 | H24: BOGOTÁ | I24: ANTONIO MAURICIO ROMAN | J24: 68 | K24: =VLOOKUP(J24,[1]TARIFARIO!$A$2:$B$83,2,0) -> CUSTODIO 12 HORAS | L24: CUSTODIO | M24: =12*31 -> 372 | N24: =VLOOKUP(J24,TARIFARIO!$A$2:$D$83,4,0) -> 16964 | O24: =M24*N24 -> 6310608 | P24: 0 | Q24: =+O24*6% -> 378636.48 | R24: =Q24*19% -> 71940.931 | S24: =O24+P24+Q24+R24 -> 6761185.4
A25: 24 | B25: 50C-194580 | C25: URBANO | D25: PROCESO | E25: 3.1202112e+18 | F25: KR 18A 44 13 | G25: 45601 | H25: BOGOTÁ | I25: ANTONIO MAURICIO ROMAN | J25: 68 | K25: =VLOOKUP(J25,[1]TARIFARIO!$A$2:$B$83,2,0) -> CUSTODIO 12 HORAS | L25: CUSTODIO | M25: =12*31 -> 372 | N25: =VLOOKUP(J25,TARIFARIO!$A$2:$D$83,4,0) -> 16964 | O25: =M25*N25 -> 6310608 | P25: 0 | Q25: =+O25*6% -> 378636.48 | R25: =Q25*19% -> 71940.931 | S25: =O25+P25+Q25+R25 -> 6761185.4
A26: 25 | B26: 50C-1557620 | C26: URBANO | D26: PROCESO | E26: 30116571029991-001 | F26: KR 64 94 A 09 | G26: 45601 | H26: BOGOTÁ | I26: ANTONIO MAURICIO ROMAN | J26: 68 | K26: =VLOOKUP(J26,[1]TARIFARIO!$A$2:$B$83,2,0) -> CUSTODIO 12 HORAS | L26: CUSTODIO | M26: =12*14 -> 168 | N26: =VLOOKUP(J26,TARIFARIO!$A$2:$D$83,4,0) -> 16964 | O26: =M26*N26 -> 2849952 | P26: 0 | Q26: =+O26*6% -> 170997.12 | R26: =Q26*19% -> 32489.453 | S26: =O26+P26+Q26+R26 -> 3053438.6
A27: 26 | B27: 157-32643 | C27: RURAL | D27: PROCESO | E27: 30118140032300-001 | F27: CS BLANCA LT 2 | G27: 45616 | H27: FUSAGASUGA, CUNDINAMARCA | I27: BRAYAN ALDEMAR TORRES BERMUDEZ | J27: 68 | K27: =VLOOKUP(J27,[1]TARIFARIO!$A$2:$B$83,2,0) -> CUSTODIO 12 HORAS | L27: CUSTODIO | M27: =12*31 -> 372 | N27: =VLOOKUP(J27,TARIFARIO!$A$2:$D$83,4,0) -> 16964 | O27: =M27*N27 -> 6310608 | P27: 0 | Q27: =+O27*6% -> 378636.48 | R27: =Q27*19% -> 71940.931 | S27: =O27+P27+Q27+R27 -> 6761185.4
A28: 27 | B28: 50C-1692834 | C28: URBANO | D28: PROCESO | E28: 3.1202303e+18 | F28: Calle 7 No 27 -35 | G28: 45615 | H28: BOGOTÁ | I28: DAYFENY CULMA | J28: 68 | K28: =VLOOKUP(J28,[1]TARIFARIO!$A$2:$B$83,2,0) -> CUSTODIO 12 HORAS | L28: CUSTODIO | M28: =12*31 -> 372 | N28: =VLOOKUP(J28,TARIFARIO!$A$2:$D$83,4,0) -> 16964 | O28: =M28*N28 -> 6310608 | P28: 0 | Q28: =+O28*6% -> 378636.48 | R28: =Q28*19% -> 71940.931 | S28: =O28+P28+Q28+R28 -> 6761185.4
A29: 28 | B29: 50N-20246916 | C29: URBANO | D29: PROCESO | E29: 10103071004105-001 | F29: Calle 122 No 52 - 83 | G29: 45624 | H29: BOGOTA | I29: LUIS EDMUNDO NARVAEZ RIVERA | J29: 68 | K29: =VLOOKUP(J29,[1]TARIFARIO!$A$2:$B$83,2,0) -> CUSTODIO 12 HORAS | L29: CUSTODIO | M29: =12*31 -> 372 | N29: =VLOOKUP(J29,TARIFARIO!$A$2:$D$83,4,0) -> 16964 | O29: =M29*N29 -> 6310608 | P29: 0 | Q29: =+O29*6% -> 378636.48 | R29: =Q29*19% -> 71940.931 | S29: =O29+P29+Q29+R29 -> 6761185.4
A30: 29 | B30: 50S-40252047 50S-40067921 | C30: URBANO | D30: PROCESO | E30: 30118260032484-001 30118293032534-001 | F30: CARRERA 4 # 31 – 01 y LOTE 4A | G30: 45629 | H30: SOACHA CUNDINAMARCA | I30: NASLY DAYFENY CULMA PRADA | J30: 70 | K30: =VLOOKUP(J30,[1]TARIFARIO!$A$2:$B$83,2,0) -> CUSTODIO 24 HORAS | L30: CUSTODIO | M30: =24*31 -> 744 | N30: =VLOOKUP(J30,TARIFARIO!$A$2:$D$83,4,0) -> 18392 | O30: =M30*N30 -> 13683648 | P30: 0 | Q30: =+O30*6% -> 821018.88 | R30: =Q30*19% -> 155993.59 | S30: =O30+P30+Q30+R30 -> 14660660
A31: 30 | B31: 232-301 | C31: RURAL | D31: PROCESO | E31: 10103068004102-001 | F31: LA PORFIA VEREDA BAJO GUAMAL - CASTILLA LA NUEVA | G31: 45636 | H31: GUAMAL | I31: JAICSSON GUILLERMO QUINONES ALARCON | J31: 68 | K31: =VLOOKUP(J31,[1]TARIFARIO!$A$2:$B$83,2,0) -> CUSTODIO 12 HORAS | L31: CUSTODIO | M31: =12*2*31 -> 744 | N31: =VLOOKUP(J31,TARIFARIO!$A$2:$D$83,4,0) -> 16964 | O31: =M31*N31 -> 12621216 | P31: 0 | Q31: =+O31*6% -> 757272.96 | R31: =Q31*19% -> 143881.86 | S31: =O31+P31+Q31+R31 -> 13522371
A32: 31 | B32: 50C-1776714 | C32: URBANO | D32: PROCESO | E32: 3.1202212e+18 | F32: AVENIDA CALLE 17 #137-31 | G32: 45636 | H32: BOGOTÁ | I32: GIOVANNY ANDRES HERNANDEZ ESQUIVEL | J32: 68 | K32: =VLOOKUP(J32,[1]TARIFARIO!$A$2:$B$83,2,0) -> CUSTODIO 12 HORAS | L32: CUSTODIO | M32: =12*31 -> 372 | N32: =VLOOKUP(J32,TARIFARIO!$A$2:$D$83,4,0) -> 16964 | O32: =M32*N32 -> 6310608 | P32: 0 | Q32: =+O32*6% -> 378636.48 | R32: =Q32*19% -> 71940.931 | S32: =O32+P32+Q32+R32 -> 6761185.4
A33: 32 | B33: 50C-29033 | C33: URBANO | D33: PROCESO | E33: 30115914028766-001 | F33: CRA 32 # 8 A 39 | G33: 45659 | H33: BOGOTA | I33: DANIEL ENRIQUE GURRERO LARGO | J33: 22 | K33: =VLOOKUP(J33,[1]TARIFARIO!$A$2:$B$83,2,0) -> SERVICIO DE VISITA, INSPECCIÓN, CONCEPTO DE CERRAJERO POR DIA (DIFERENTES DE LOS ITEMS ACA DISCRIMINADOS) * EN CASO DE EJECUTARSE LA ACTIVIDAD DE CERRAJERIA SE PAGARA POR EL SERVICIO PRESTADO Y NO POR SERVICIO DE VISITA O INSPECCIÓN. | L33: CERRAJERIA | M33: 1 | N33: =VLOOKUP(J33,TARIFARIO!$A$2:$D$83,4,0) -> 298311 | O33: =M33*N33 -> 298311 | P33: 0 | Q33: 0 | R33: 0 | S33: =O33+P33+Q33+R33 -> 298311
A34: 33 | B34: 236-5253 | C34: RURAL | D34: PROCESO | E34: 20106211007333-001 | F34: ALCALDIA - GRANADA, META - TRANSPORTE PUERTO LLERAS | G34: 45666 | H34: PUERTO LLERAS - META | I34: SEBASTIAN VARGAS GALINDO | J34: 12 | K34: =VLOOKUP(J34,[1]TARIFARIO!$A$2:$B$83,2,0) -> SERVICIO DE TRANSPORTE DE VEHICULO CAMIONETA 4X4 CON CONDUCTOR POR DIA (10 HORAS) | L34: TRANSPORTE | M34: 1 | N34: =VLOOKUP(J34,TARIFARIO!$A$2:$D$83,4,0) -> 709671 | O34: =M34*N34 -> 709671 | P34: 0 | Q34: 0 | R34: 0 | S34: =O34+P34+Q34+R34 -> 709671
A35: 34 | B35: 470-8553 470-54789 470-3663 470-22304 470-17348 | C35: RURAL | D35: EXTINTO | E35: 10101338001338-001 10112583019427-001 10101448001448-001 10112842020163-001 10101284001284-001 | F35: Veredas Tilodiran y el Arenal | G35: 45667 | H35: YOPAL - CASANARE | I35: SEBASTIAN ARGUELLO CUBIDES | J35: 12 | K35: =VLOOKUP(J35,[1]TARIFARIO!$A$2:$B$83,2,0) -> SERVICIO DE TRANSPORTE DE VEHICULO CAMIONETA 4X4 CON CONDUCTOR POR DIA (10 HORAS) | L35: TRANSPORTE | M35: 1 | N35: =VLOOKUP(J35,TARIFARIO!$A$2:$D$83,4,0) -> 709671 | O35: =M35*N35 -> 709671 | P35: 0 | Q35: 0 | R35: 0 | S35: =O35+P35+Q35+R35 -> 709671
A36: 35 | B36: 470-8553 470-54789 470-3663 470-22304 470-17348 | C36: RURAL | D36: EXTINTO | E36: 10101338001338-001 10112583019427-001 10101448001448-001 10112842020163-001 10101284001284-001 | F36: Veredas Tilodiran y el Arenal | G36: 45667 | H36: YOPAL - CASANARE | I36: SEBASTIAN ARGUELLO CUBIDES | J36: 75 | K36: =VLOOKUP(J36,[1]TARIFARIO!$A$2:$B$83,2,0) -> VIVIENTE RURAL POR MES | L36: VIVIENTE | M36: 2 | N36: 3579826.1 | O36: =M36*N36 -> 7159652.3 | P36: 0 | Q36: 0 | R36: 0 | S36: =O36+P36+Q36+R36 -> 7159652.3
A37: 36 | B37: 50N-799513 50N-379455 50N-112229 176-9985 176-13488 176-5026 | C37: URBANO | D37: PROCESO | E37: 3120230216120030000 3120190715151328597 10101415001415-001 10114372023546-001 10104606005640-001 10112444019288-001 | F37: Visita Predios Cajica | G37: 45667 | H37: BOGOTÁ | I37: YEIMY ZULIMA RODRIGUEZ | J37: 14 | K37: =VLOOKUP(J37,[1]TARIFARIO!$A$2:$B$83,2,0) -> SERVICIO DE TRANSPORTE DE VEHICULO AUTOMOVIL CON CONDUCTOR POR RECORRIDO DE HASTA 80KM | L37: TRANSPORTE | M37: 2 | N37: =VLOOKUP(J37,TARIFARIO!$A$2:$D$83,4,0) -> 481805 | O37: =M37*N37 -> 963610 | P37: 0 | Q37: 0 | R37: 0 | S37: =O37+P37+Q37+R37 -> 963610
A38: 37 | B38: 236-7479 236-20129 236-21431 236-4925 | C38: RURAL | D38: PROCESO | E38: 30117092030782-005 30117092030782-004 30117092030782-003 30117092030782-002 | F38: Visita Predios Puerto Lleras | G38: 45672 | H38: PUERTO LLERAS - META | I38: NATALY MOTTA PEREZ | J38: 12 | K38: =VLOOKUP(J38,[1]TARIFARIO!$A$2:$B$83,2,0) -> SERVICIO DE TRANSPORTE DE VEHICULO CAMIONETA 4X4 CON CONDUCTOR POR DIA (10 HORAS) | L38: TRANSPORTE | M38: 6 | N38: =VLOOKUP(J38,TARIFARIO!$A$2:$D$83,4,0) -> 709671 | O38: =M38*N38 -> 4258026 | P38: 0 | Q38: 0 | R38: 0 | S38: =O38+P38+Q38+R38 -> 4258026
A39: 38 | B39: 50C-1341053 | C39: URBANO | D39: PROCESO | E39: 10104318005352-002 | F39: AK 68D 24A 50 (BQ 1 IN 1 AP 903 | G39: 45672 | H39: BOGOTÁ | I39: FARID HUMBERTO PATIÑO CERREÑO | J39: 27 | K39: =VLOOKUP(J39,[1]TARIFARIO!$A$2:$B$83,2,0) -> SERVICIO DE CERRAJERIA APERTURA CERRADURA | L39: CERRAJERIA | M39: 3 | N39: =VLOOKUP(J39,TARIFARIO!$A$2:$D$83,4,0) -> 122714 | O39: =M39*N39 -> 368142 | P39: 0 | Q39: 0 | R39: 0 | S39: =O39+P39+Q39+R39 -> 368142
A40: 39 | B40: 50C-1341053 | C40: URBANO | D40: PROCESO | E40: 10104318005352-002 | F40: AK 68D 24A 50 (BQ 1 IN 1 AP 903 | G40: 45672 | H40: BOGOTÁ | I40: FARID HUMBERTO PATIÑO CERREÑO | J40: 30 | K40: =VLOOKUP(J40,[1]TARIFARIO!$A$2:$B$83,2,0) -> SERVICIO DE CERRAJERIA CAMBIO CILINDRO | L40: CERRAJERIA | M40: 3 | N40: =VLOOKUP(J40,TARIFARIO!$A$2:$D$83,4,0) -> 151621 | O40: =M40*N40 -> 454863 | P40: 0 | Q40: 0 | R40: 0 | S40: =O40+P40+Q40+R40 -> 454863
A41: 40 | B41: 50C-1753080 | C41: URBANO | D41: PROCESO | E41: 3.1202412e+18 | F41: Cra 114A # 77D - 20, Apto 2-1001 | G41: 45672 | H41: BOGOTÁ | I41: DANIEL ENRIQUE GUERRO LARGO | J41: 31 | K41: =VLOOKUP(J41,[1]TARIFARIO!$A$2:$B$83,2,0) -> SERVICIO DE CERRAJERIA CAMBIO CILINDRO ALTA SEGURIDAD | L41: CERRAJERIA | M41: 1 | N41: =VLOOKUP(J41,TARIFARIO!$A$2:$D$83,4,0) -> 673142 | O41: =M41*N41 -> 673142 | P41: 0 | Q41: 0 | R41: 0 | S41: =O41+P41+Q41+R41 -> 673142
A42: 41 | B42: 50N-20298010 | C42: URBANO | D42: PROCESO | E42: 10113308020629-001 | F42: TV 18A 103 50/62 AP Edificio ANSES III | G42: 45678 | H42: BOGOTÁ | I42: CARLOS ANDRES CAICEDO ESLAVA | J42: 51 | K42: =VLOOKUP(J42,[1]TARIFARIO!$A$2:$B$83,2,0) -> SERVICIO DE FUMIGACION DESINSECTACION, DESINFECCIÓN O DESRATIZACION, SERVICIO DE PLAGUICIDA HASTA 500 M2 | L42: FUMIGACIÓN | M42: 156 | N42: =VLOOKUP(J42,TARIFARIO!$A$2:$D$83,4,0) -> 6213 | O42: =M42*N42 -> 969228 | P42: 0 | Q42: =+O42*6% -> 58153.68 | R42: =+Q42*19% -> 11049.199 | S42: =O42+P42+Q42+R42 -> 1038430.9
A43: 42 | B43: 50N-20298010 | C43: URBANO | D43: PROCESO | E43: 10113308020629-001 | F43: TV 18A 103 50/62 AP Edificio ANSES III | G43: 45678 | H43: BOGOTÁ | I43: CARLOS ANDRES CAICEDO ESLAVA | J43: 5 | K43: =VLOOKUP(J43,[1]TARIFARIO!$A$2:$B$83,2,0) -> ASEO GENERAL DE INMUEBLES HASTA 500 MTROS 2(incluye barrida, trapeada, limpieza de vidrios) | L43: ASEO | M43: 137 | N43: =VLOOKUP(J43,TARIFARIO!$A$2:$D$83,4,0) -> 3431 | O43: =M43*N43 -> 470047 | P43: 0 | Q43: =+O43*6% -> 28202.82 | R43: =+Q43*19% -> 5358.5358 | S43: =O43+P43+Q43+R43 -> 503608.36
A44: 43 | B44: 172-41097 | C44: URBANO | D44: PROCESO | E44: 3.120241e+18 | F44: Carrera 6T No. 6-44 - Barrio Santa Barbara | G44: 45679 | H44: UBATE - CUNDINAMARCA | I44: OSCAR HERNAN VELASQUEZ BERMUDEZ | J44: 27 | K44: =VLOOKUP(J44,[1]TARIFARIO!$A$2:$B$83,2,0) -> SERVICIO DE CERRAJERIA APERTURA CERRADURA | L44: CERRAJERIA | M44: 4 | N44: =VLOOKUP(J44,TARIFARIO!$A$2:$D$83,4,0) -> 122714 | O44: =M44*N44 -> 490856 | P44: 0 | Q44: 0 | R44: 0 | S44: =O44+P44+Q44+R44 -> 490856
A45: 44 | B45: 172-41097 | C45: URBANO | D45: PROCESO | E45: 3.120241e+18 | F45: Carrera 6T No. 6-44 - Barrio Santa Barbara | G45: 45679 | H45: UBATE - CUNDINAMARCA | I45: OSCAR HERNAN VELASQUEZ BERMUDEZ | J45: 30 | K45: =VLOOKUP(J45,[1]TARIFARIO!$A$2:$B$83,2,0) -> SERVICIO DE CERRAJERIA CAMBIO CILINDRO | L45: CERRAJERIA | M45: 2 | N45: =VLOOKUP(J45,TARIFARIO!$A$2:$D$83,4,0) -> 151621 | O45: =M45*N45 -> 303242 | P45: 0 | Q45: 0 | R45: 0 | S45: =O45+P45+Q45+R45 -> 303242
A46: 45 | B46: 172-41097 | C46: URBANO | D46: PROCESO | E46: 3.120241e+18 | F46: Carrera 6T No. 6-44 - Barrio Santa Barbara | G46: 45679 | H46: UBATE - CUNDINAMARCA | I46: OSCAR HERNAN VELASQUEZ BERMUDEZ | J46: 45 | K46: =VLOOKUP(J46,[1]TARIFARIO!$A$2:$B$83,2,0) -> SERVICIO DE SOLDADURA DE PUERTA PARA CIERRE DEFINITIVO | L46: CERRAJERIA | M46: 4 | N46: =VLOOKUP(J46,TARIFARIO!$A$2:$D$83,4,0) -> 281541 | O46: =M46*N46 -> 1126164 | P46: 0 | Q46: 0 | R46: 0 | S46: =O46+P46+Q46+R46 -> 1126164
A47: 46 | B47: 172-41097 | C47: URBANO | D47: PROCESO | E47: 3.120241e+18 | F47: Carrera 6T No. 6-44 - Barrio Santa Barbara | G47: 45679 | H47: UBATE - CUNDINAMARCA | I47: OSCAR HERNAN VELASQUEZ BERMUDEZ | J47: 32 | K47: =VLOOKUP(J47,[1]TARIFARIO!$A$2:$B$83,2,0) -> SERVICIO DE CERRAJERIA CANDADO GRANDE 72 mm | L47: CERRAJERIA | M47: 2 | N47: =VLOOKUP(J47,TARIFARIO!$A$2:$D$83,4,0) -> 155612 | O47: =M47*N47 -> 311224 | P47: 0 | Q47: 0 | R47: 0 | S47: =O47+P47+Q47+R47 -> 311224
A48: 47 | B48: 157-42461 | C48: URBANO | D48: PROCESO | E48: 10111870018714-001 | F48: AV LAS PALMAS C C AVENIDA - CR 8 LC 8 202 | G48: 45677 | H48: FUSAGASUGA, CUNDINAMARCA | I48: MARIO ALBERTO SALAZAR | J48: 30 | K48: =VLOOKUP(J48,[1]TARIFARIO!$A$2:$B$83,2,0) -> SERVICIO DE CERRAJERIA CAMBIO CILINDRO | L48: CERRAJERIA | M48: 2 | N48: =VLOOKUP(J48,TARIFARIO!$A$2:$D$83,4,0) -> 151621 | O48: =M48*N48 -> 303242 | P48: 0 | Q48: 0 | R48: 0 | S48: =O48+P48+Q48+R48 -> 303242
A49: 48 | B49: 236-3953 | C49: RURAL | D49: PROCESO | E49: 20101745001745-001 | F49: FINCA CHAPETON | G49: 45679 | H49: SAN MARTIN - META | I49: LUIS ORLANDO GUERRERO FORERO | J49: 12 | K49: =VLOOKUP(J49,[1]TARIFARIO!$A$2:$B$83,2,0) -> SERVICIO DE TRANSPORTE DE VEHICULO CAMIONETA 4X4 CON CONDUCTOR POR DIA (10 HORAS) | L49: CANCELADO | M49: 0.5 | N49: =VLOOKUP(J49,TARIFARIO!$A$2:$D$83,4,0) -> 709671 | O49: =M49*N49 -> 354835.5 | P49: 0 | Q49: 0 | R49: 0 | S49: =O49+P49+Q49+R49 -> 354835.5
A50: 49 | B50: 50S-40498843 | C50: URBANO | D50: PROCESO | E50: 30118975033451-001 | F50: DG 62 SUR 2 70 | G50: 45680 | H50: BOGOTA | I50: CESAR DAVID CASTAÑO SAENZ | J50: 27 | K50: =VLOOKUP(J50,[1]TARIFARIO!$A$2:$B$83,2,0) -> SERVICIO DE CERRAJERIA APERTURA CERRADURA | L50: CERRAJERIA | M50: 1 | N50: =VLOOKUP(J50,TARIFARIO!$A$2:$D$83,4,0) -> 122714 | O50: =M50*N50 -> 122714 | P50: 0 | Q50: 0 | R50: 0 | S50: =O50+P50+Q50+R50 -> 122714
A51: 50 | B51: 50S-40498843 | C51: URBANO | D51: PROCESO | E51: 30118975033451-001 | F51: DG 62 SUR 2 70 | G51: 45680 | H51: BOGOTA | I51: CESAR DAVID CASTAÑO SAENZ | J51: 30 | K51: =VLOOKUP(J51,[1]TARIFARIO!$A$2:$B$83,2,0) -> SERVICIO DE CERRAJERIA CAMBIO CILINDRO | L51: CERRAJERIA | M51: 1 | N51: =VLOOKUP(J51,TARIFARIO!$A$2:$D$83,4,0) -> 151621 | O51: =M51*N51 -> 151621 | P51: 0 | Q51: 0 | R51: 0 | S51: =O51+P51+Q51+R51 -> 151621
A52: 51 | B52: 50S-40498843 | C52: URBANO | D52: PROCESO | E52: 30118975033451-001 | F52: DG 62 SUR 2 70 | G52: 45680 | H52: BOGOTA | I52: CESAR DAVID CASTAÑO SAENZ | J52: 32 | K52: =VLOOKUP(J52,[1]TARIFARIO!$A$2:$B$83,2,0) -> SERVICIO DE CERRAJERIA CANDADO GRANDE 72 mm | L52: CERRAJERIA | M52: 2 | N52: =VLOOKUP(J52,TARIFARIO!$A$2:$D$83,4,0) -> 155612 | O52: =M52*N52 -> 311224 | P52: 0 | Q52: 0 | R52: 0 | S52: =O52+P52+Q52+R52 -> 311224
A53: 52 | B53: 50S-40264496 | C53: URBANO | D53: PROCESO | E53: 30118975033451-001 | F53: CL 30 SUR 25 13 | G53: 45684 | H53: BOGOTA | I53: YEIMY ZULIMA RODRIGUEZ SANCHEZ | J53: 26 | K53: =VLOOKUP(J53,[1]TARIFARIO!$A$2:$B$83,2,0) -> SERVICIO DE CERRAJERIA APERTURA CANDADO | L53: CERRAJERIA | M53: 1 | N53: =VLOOKUP(J53,TARIFARIO!$A$2:$D$83,4,0) -> 109210 | O53: =M53*N53 -> 109210 | P53: 0 | Q53: 0 | R53: 0 | S53: =O53+P53+Q53+R53 -> 109210
A54: 53 | B54: 50S-40264496 | C54: URBANO | D54: PROCESO | E54: 30118975033451-001 | F54: CL 30 SUR 25 13 | G54: 45684 | H54: BOGOTA | I54: YEIMY ZULIMA RODRIGUEZ SANCHEZ | J54: 27 | K54: =VLOOKUP(J54,[1]TARIFARIO!$A$2:$B$83,2,0) -> SERVICIO DE CERRAJERIA APERTURA CERRADURA | L54: CERRAJERIA | M54: 1 | N54: =VLOOKUP(J54,TARIFARIO!$A$2:$D$83,4,0) -> 122714 | O54: =M54*N54 -> 122714 | P54: 0 | Q54: 0 | R54: 0 | S54: =O54+P54+Q54+R54 -> 122714
A55: 54 | B55: 50S-40264496 | C55: URBANO | D55: PROCESO | E55: 30118975033451-001 | F55: CL 30 SUR 25 13 | G55: 45684 | H55: BOGOTA | I55: YEIMY ZULIMA RODRIGUEZ SANCHEZ | J55: 30 | K55: =VLOOKUP(J55,[1]TARIFARIO!$A$2:$B$83,2,0) -> SERVICIO DE CERRAJERIA CAMBIO CILINDRO | L55: CERRAJERIA | M55: 1 | N55: =VLOOKUP(J55,TARIFARIO!$A$2:$D$83,4,0) -> 151621 | O55: =M55*N55 -> 151621 | P55: 0 | Q55: 0 | R55: 0 | S55: =O55+P55+Q55+R55 -> 151621
A56: 55 | B56: 260-134288 | C56: URBANO | D56: PROCESO | E56: 10104384005418-001 | F56: CL 8A 9F 57 | G56: 45684 | H56: CUCUTA | I56: LAURA MARIA NARVAEZ SAIZ | J56: 27 | K56: =VLOOKUP(J56,[1]TARIFARIO!$A$2:$B$83,2,0) -> SERVICIO DE CERRAJERIA APERTURA CERRADURA | L56: CERRAJERIA | M56: 3 | N56: =VLOOKUP(J56,TARIFARIO!$A$2:$D$83,4,0) -> 122714 | O56: =M56*N56 -> 368142 | P56: 0 | Q56: 0 | R56: 0 | S56: =O56+P56+Q56+R56 -> 368142
A57: 56 | B57: 260-134288 | C57: URBANO | D57: PROCESO | E57: 10104384005418-001 | F57: CL 8A 9F 57 | G57: 45684 | H57: CUCUTA | I57: LAURA MARIA NARVAEZ SAIZ | J57: 30 | K57: =VLOOKUP(J57,[1]TARIFARIO!$A$2:$B$83,2,0) -> SERVICIO DE CERRAJERIA CAMBIO CILINDRO | L57: CERRAJERIA | M57: 2 | N57: =VLOOKUP(J57,TARIFARIO!$A$2:$D$83,4,0) -> 151621 | O57: =M57*N57 -> 303242 | P57: 0 | Q57: 0 | R57: 0 | S57: =O57+P57+Q57+R57 -> 303242
A58: 57 | B58: 260-134288 | C58: URBANO | D58: PROCESO | E58: 10104384005418-001 | F58: CL 8A 9F 57 | G58: 45684 | H58: CUCUTA | I58: LAURA MARIA NARVAEZ SAIZ | J58: 68 | K58: =VLOOKUP(J58,[1]TARIFARIO!$A$2:$B$83,2,0) -> CUSTODIO 12 HORAS | L58: CUSTODIO | M58: =12*4 -> 48 | N58: =VLOOKUP(J58,TARIFARIO!$A$2:$D$83,4,0) -> 16964 | O58: =M58*N58 -> 814272 | P58: 0 | Q58: 0 | R58: 0 | S58: =O58+P58+Q58+R58 -> 814272
A59: 58 | B59: 260-176020 | C59: URBANO | D59: PROCESO | E59: 20102759003773-001 | F59: CS 11 BQ A CO VILLAS DE SAN DIEGO SC EL ESCOBAL | G59: 45684 | H59: CUCUTA | I59: MIGUEL ANGEL PABON AGUILAR | J59: 27 | K59: =VLOOKUP(J59,[1]TARIFARIO!$A$2:$B$83,2,0) -> SERVICIO DE CERRAJERIA APERTURA CERRADURA | L59: CERRAJERIA | M59: 1 | N59: =VLOOKUP(J59,TARIFARIO!$A$2:$D$83,4,0) -> 122714 | O59: =M59*N59 -> 122714 | P59: 0 | Q59: 0 | R59: 0 | S59: =O59+P59+Q59+R59 -> 122714
A60: 59 | B60: 260-176020 | C60: URBANO | D60: PROCESO | E60: 20102759003773-001 | F60: CS 11 BQ A CO VILLAS DE SAN DIEGO SC EL ESCOBAL | G60: 45684 | H60: CUCUTA | I60: MIGUEL ANGEL PABON AGUILAR | J60: 30 | K60: =VLOOKUP(J60,[1]TARIFARIO!$A$2:$B$83,2,0) -> SERVICIO DE CERRAJERIA CAMBIO CILINDRO | L60: CERRAJERIA | M60: 1 | N60: =VLOOKUP(J60,TARIFARIO!$A$2:$D$83,4,0) -> 151621 | O60: =M60*N60 -> 151621 | P60: 0 | Q60: 0 | R60: 0 | S60: =O60+P60+Q60+R60 -> 151621
A61: 60 | B61: 232-7581 | C61: URBANO | D61: PROCESO | E61: 10110752017596-001 | F61: Calle 15#23-24 | G61: 45686 | H61: ACACIAS - META | I61: JENNIFER TATIANA CUELLAR GOMEZ | J61: 30 | K61: =VLOOKUP(J61,[1]TARIFARIO!$A$2:$B$83,2,0) -> SERVICIO DE CERRAJERIA CAMBIO CILINDRO | L61: CERRAJERIA | M61: 3 | N61: =VLOOKUP(J61,TARIFARIO!$A$2:$D$83,4,0) -> 151621 | O61: =M61*N61 -> 454863 | P61: 0 | Q61: 0 | R61: 0 | S61: =O61+P61+Q61+R61 -> 454863
A62: 61 | B62: 232-7581 | C62: URBANO | D62: PROCESO | E62: 10110752017596-001 | F62: Calle 15#23-24 | G62: 45686 | H62: ACACIAS - META | I62: JENNIFER TATIANA CUELLAR GOMEZ | J62: 27 | K62: =VLOOKUP(J62,[1]TARIFARIO!$A$2:$B$83,2,0) -> SERVICIO DE CERRAJERIA APERTURA CERRADURA | L62: CERRAJERIA | M62: 2 | N62: =VLOOKUP(J62,TARIFARIO!$A$2:$D$83,4,0) -> 122714 | O62: =M62*N62 -> 245428 | P62: 0 | Q62: 0 | R62: 0 | S62: =O62+P62+Q62+R62 -> 245428
A63: 62 | B63: 232-7581 | C63: URBANO | D63: PROCESO | E63: 10110752017596-001 | F63: Calle 15#23-24 | G63: 45686 | H63: ACACIAS - META | I63: JENNIFER TATIANA CUELLAR GOMEZ | J63: 26 | K63: =VLOOKUP(J63,[1]TARIFARIO!$A$2:$B$83,2,0) -> SERVICIO DE CERRAJERIA APERTURA CANDADO | L63: CERRAJERIA | M63: 2 | N63: =VLOOKUP(J63,TARIFARIO!$A$2:$D$83,4,0) -> 109210 | O63: =M63*N63 -> 218420 | P63: 0 | Q63: 0 | R63: 0 | S63: =O63+P63+Q63+R63 -> 218420
A64: 63 | B64: 232-7581 | C64: URBANO | D64: PROCESO | E64: 10110752017596-001 | F64: Calle 15#23-24 | G64: 45686 | H64: ACACIAS - META | I64: JENNIFER TATIANA CUELLAR GOMEZ | J64: 32 | K64: =VLOOKUP(J64,[1]TARIFARIO!$A$2:$B$83,2,0) -> SERVICIO DE CERRAJERIA CANDADO GRANDE 72 mm | L64: CERRAJERIA | M64: 2 | N64: =VLOOKUP(J64,TARIFARIO!$A$2:$D$83,4,0) -> 155612 | O64: =M64*N64 -> 311224 | P64: 0 | Q64: 0 | R64: 0 | S64: =O64+P64+Q64+R64 -> 311224
A65: 64 | B65: 50C-1237310 | C65: URBANO | D65: PROCESO | E65: 3.1202106e+18 | F65: Carrera 28 #65-48 | G65: 45687 | H65: BOGOTÁ | J65: 27 | K65: =VLOOKUP(J65,[1]TARIFARIO!$A$2:$B$83,2,0) -> SERVICIO DE CERRAJERIA APERTURA CERRADURA | L65: CERRAJERIA | M65: 6 | N65: =VLOOKUP(J65,TARIFARIO!$A$2:$D$83,4,0) -> 122714 | O65: =M65*N65 -> 736284 | P65: 0 | Q65: 0 | R65: 0 | S65: =O65+P65+Q65+R65 -> 736284
A66: 65 | B66: 50C-1237310 | C66: URBANO | D66: PROCESO | E66: 3.1202106e+18 | F66: Carrera 28 #65-48 | G66: 45687 | H66: BOGOTÁ | I66: JESICA JULIANA MARTINEZ SILVA | J66: 26 | K66: =VLOOKUP(J66,[1]TARIFARIO!$A$2:$B$83,2,0) -> SERVICIO DE CERRAJERIA APERTURA CANDADO | L66: CERRAJERIA | M66: 1 | N66: =VLOOKUP(J66,TARIFARIO!$A$2:$D$83,4,0) -> 109210 | O66: =M66*N66 -> 109210 | P66: 0 | Q66: 0 | R66: 0 | S66: =O66+P66+Q66+R66 -> 109210
A67: 66 | B67: 50C-1237310 | C67: URBANO | D67: PROCESO | E67: 3.1202106e+18 | F67: Carrera 28 #65-48 | G67: 45687 | H67: BOGOTÁ | I67: JESICA JULIANA MARTINEZ SILVA | J67: 30 | K67: =VLOOKUP(J67,[1]TARIFARIO!$A$2:$B$83,2,0) -> SERVICIO DE CERRAJERIA CAMBIO CILINDRO | L67: CERRAJERIA | M67: 2 | N67: =VLOOKUP(J67,TARIFARIO!$A$2:$D$83,4,0) -> 151621 | O67: =M67*N67 -> 303242 | P67: 0 | Q67: 0 | R67: 0 | S67: =O67+P67+Q67+R67 -> 303242
A68: 67 | B68: 50C-1237310 | C68: URBANO | D68: PROCESO | E68: 3.1202106e+18 | F68: Carrera 28 #65-48 | G68: 45687 | H68: BOGOTÁ | I68: JESICA JULIANA MARTINEZ SILVA | J68: 32 | K68: =VLOOKUP(J68,[1]TARIFARIO!$A$2:$B$83,2,0) -> SERVICIO DE CERRAJERIA CANDADO GRANDE 72 mm | L68: CERRAJERIA | M68: 2 | N68: =VLOOKUP(J68,TARIFARIO!$A$2:$D$83,4,0) -> 155612 | O68: =M68*N68 -> 311224 | P68: 0 | Q68: 0 | R68: 0 | S68: =O68+P68+Q68+R68 -> 311224
A69: 68 | B69: 300-197799 | C69: URBANO | D69: PROCESO | E69: 3.1202308e+18 | F69: KR 18 OESTE # 61 A - 30 URB PRADOS DEL MUTIS BR MUTIS LT 13 MZ Bucaramanga | G69: 45688 | H69: BUCARAMANGA | I69: ERICCSON YAHIR HERNANDEZ ESTUPIÑAN | J69: 30 | K69: =VLOOKUP(J69,[1]TARIFARIO!$A$2:$B$83,2,0) -> SERVICIO DE CERRAJERIA CAMBIO CILINDRO | L69: CERRAJERIA | M69: 1 | N69: =VLOOKUP(J69,TARIFARIO!$A$2:$D$83,4,0) -> 151621 | O69: =M69*N69 -> 151621 | P69: 0 | Q69: 0 | R69: 0 | S69: =O69+P69+Q69+R69 -> 151621
A70: 69 | B70: 300-197799 | C70: URBANO | D70: PROCESO | E70: 3.1202308e+18 | F70: KR 18 OESTE # 61 A - 30 URB PRADOS DEL MUTIS BR MUTIS LT 13 MZ Bucaramanga | G70: 45688 | H70: BUCARAMANGA | I70: ERICCSON YAHIR HERNANDEZ ESTUPIÑAN | J70: 32 | K70: =VLOOKUP(J70,[1]TARIFARIO!$A$2:$B$83,2,0) -> SERVICIO DE CERRAJERIA CANDADO GRANDE 72 mm | L70: CERRAJERIA | M70: 1 | N70: =VLOOKUP(J70,TARIFARIO!$A$2:$D$83,4,0) -> 155612 | O70: =M70*N70 -> 155612 | P70: 0 | Q70: 0 | R70: 0 | S70: =O70+P70+Q70+R70 -> 155612
O71: =SUM(O2:O70) -> 2.5164847e+08 | P71: 0 | Q71: =SUM(Q2:Q70) -> 13646255 | R71: =SUM(R2:R70) -> 2592788.5 | S71: =SUM(S2:S70) -> 2.6788751e+08
Q75: EXTINTO
Q76: BASE | R76: IVA | S76: TOTAL
Q77: 4607383.7 | R77: =+ROUND(Q77*19%,0) -> 875403 | S77: =+Q77+R77 -> 5482786.7
Q78: 84659051 | S78: =+Q78+R78 -> 84659051
Q80: =SUBTOTAL(9,Q77:Q79) -> 89266435 | R80: =SUBTOTAL(9,R77:R79) -> 875403 | S80: =SUBTOTAL(9,S77:S79) -> 90141838
Q83: INCAUTADO
Q84: BASE | R84: IVA | S84: TOTAL
Q85: 9038871.8 | R85: =+ROUND(Q85*19%,0) -> 1717386 | S85: =+Q85+R85 -> 10756258
Q86: 1.6698941e+08 | S86: =+Q86+R86 -> 1.6698941e+08
Q88: =SUBTOTAL(9,Q85:Q87) -> 1.7602829e+08 | R88: =SUBTOTAL(9,R85:R87) -> 1717386 | S88: =SUBTOTAL(9,S85:S87) -> 1.7774567e+08
Q90: =+Q80+Q88 -> 2.6529472e+08 | R90: =+R80+R88 -> 2592789 | S90: =+S80+S88 -> 2.6788751e+08
A119: 114
A120: 115
A121: 116
A122: 117
A123: 118
A124: 119
A125: 120
A126: 121
A127: 122
A128: 123
A129: 124
A130: 125
... A247: 242

Sheet ESTADO DEL INMUEBLE 
A1: ESTADO | B1: EXTINTO | E1: ESTADO | F1: PROCESO
A3: Etiquetas de fila | B3: Cuenta de FMI | C3: Suma de TOTAL | E3: Etiquetas de fila | F3: Cuenta de FMI | G3: Suma de TOTAL
A4: 176-122089 176-119732 | B4: 1 | C4: 6761185.4 | E4: 157-42461 | F4: 1 | G4: 303242
A5: 420-30143 | B5: 1 | C5: 14660660 | E5: 172-41097 | F5: 2 | G5: 1617020
A6: 470-8553 470-54789 470-3663 470-22304 470-17348 | B6: 2 | C6: 7869323.3 | E6: 236-3953 | F6: 1 | G6: 354835.5
A7: 50C-1424391 | B7: 7 | C7: 47328298 | E7: 50C-1341053 | F7: 1 | G7: 368142
A8: 50N-182785 | B8: 1 | C8: 6761185.4 | E8: 154-5166 154-20957 154-37267 154-22603 154-10557 | F8: 1 | G8: 13522371
A9: 50N-20521266 | B9: 1 | C9: 6761185.4 | E9: 157-32643 | F9: 1 | G9: 6761185.4
A10: Total general | B10: 13 | C10: 90141838 | E10: 172-41097 | F10: 2 | G10: 614466
E11: 230-10657 | F11: 1 | G11: 6761185.4
E12: 230-2598 | F12: 1 | G12: 6761185.4
E13: 232-17266 | F13: 1 | G13: 6761185.4
E14: 232-301 | F14: 1 | G14: 13522371
E15: 232-7581 | F15: 4 | G15: 1229935
E16: 236-5253 | F16: 1 | G16: 709671
E17: 236-7479 236-20129 236-21431 236-4925 | F17: 1 | G17: 4258026
E18: 260-134288 | F18: 3 | G18: 1485656
E19: 260-176020 | F19: 2 | G19: 274335
E20: 260-82641 | F20: 1 | G20: 6106877.1
E21: 300-197799 | F21: 2 | G21: 307233
E22: 300-292950 | F22: 1 | G22: 14660660
... E43: Total general | F43: 56 | G43: 1.7774567e+08

Sheet VALOR SAE 
A2: FMI | B2: TOTAL | C2: VALOR SAE
A3: 157-42461 | B3: 303242
A4: 172-41097 | B4: 1617020
A5: 236-3953 | B5: 354835.5
A6: 50C-1341053 | B6: 368142
A7: 154-5166 154-20957 154-37267 154-22603 154-10557 | B7: 13522371 | C7: =+B7/5 -> 2704474.2
A8: 157-32643 | B8: 6761185.4
A9: 172-41097 | B9: 614466
A10: 176-122089 176-119732 | B10: 6761185.4 | C10: =+B10/2 -> 3380592.7
A11: 230-10657 | B11: 6761185.4
A12: 230-2598 | B12: 6761185.4
A13: 232-17266 | B13: 6761185.4
A14: 232-301 | B14: 13522371
A15: 232-7581 | B15: 1229935
A16: 236-5253 | B16: 709671
A17: 236-7479 236-20129 236-21431 236-4925 | B17: 4258026 | C17: =+B17/4 -> 1064506.5
A18: 260-134288 | B18: 1485656
A19: 260-176020 | B19: 274335
A20: 260-82641 | B20: 6106877.1
A21: 300-197799 | B21: 307233
A22: 300-292950 | B22: 14660660
A23: 420-30143 | B23: 14660660
A24: 470-8553 470-54789 470-3663 470-22304 470-17348 | B24: 7869323.3 | C24: =+B24/5 -> 1573864.7
A25: 50C-1237310 | B25: 1459960
A26: 50C-1341053 | B26: 454863
A27: 50C-1424391 | B27: 47328298
A28: 50C-1557620 | B28: 3053438.6
A29: 50C-1692834 | B29: 6761185.4
A30: 50C-1753080 | B30: 673142
A31: 50C-1776714 | B31: 6761185.4
A32: 50C-194580 | B32: 6761185.4
A33: 50C-200381 | B33: 7530806.3
A34: 50C-29033 | B34: 298311
A35: 50N-112229 | B35: 6543082.7
A36: 50N-182785 | B36: 6761185.4
... A39: 50N-20521266 | B39: 6761185.4
A40: 50N-799513 50N-379455 50N-112229 176-9985 176-13488 176-5026 | B40: 963610 | C40: =+B40/6 -> 160601.67
A41: 50S-128204 | B41: 6761185.4
A42: 50S-286838 | B42: 5888774.4
A43: 50S-40252047 50S-40067921 | B43: 14660660 | C43: =+B43/2 -> 7330330.2
A44: 50S-40264496 | B44: 383545
A45: 50S-40498843 | B45: 585559
A46: 50S-47192 50S-214644 | B46: 6761185.4 | C46: =+B46/2 -> 3380592.7
A47: 410-20937 | B47: 6761185.4
B48: =+SUM(B3:B47) -> 2.6788751e+08

Sheet TARIFARIO
A1: ITEM | B1: DESCRIPCION | C1: UNIDAD | D1: PRECIO OFERTADO CON IVA | E1: PRECIO SIN IVA | F1: AIU | G1: IVA AIU | H1: IMPUESTOS
A2: 1 | B2: ALIMENTACIÓN ALMUERZO Y CENA(bebida, sopa, proteína, seco, acompañante, ensalada) Incluye costos de logística, entrega y Transporte | C2: UND | D2: 33130 | E2: =+D2 -> 33130 | H2: 0
A3: 2 | B3: ALIMENTACIÓN DESAYUNO(bebida caliente, acompañamiento o energético y proteína) Incluye costos de logística, entrega y Transporte | C3: UND | D3: 23110 | E3: =+D3 -> 23110 | H3: 0
A4: 3 | B4: ALIMENTACIÓN HIDRATACIÓN (agua potable en presentación botella) 300 ml Incluye costos de logística, entrega y Transporte | C4: UND | D4: 2947 | E4: =+D4 -> 2947 | H4: 0
A5: 4 | B5: ALIMENTACIÓN REFRIGERIO (Solido-liquido-fruta) Incluye costos de logística, entrega y Transporte | C5: UND | D5: 21520 | E5: =+D5 -> 21520 | H5: 0
A6: 5 | B6: ASEO GENERAL DE INMUEBLES HASTA 500 MTROS 2(incluye barrida, trapeada, limpieza de vidrios) | C6: M2 | D6: 3431 | E6: =+D6 -> 3431 | F6: =+D6*6% -> 205.86 | G6: 0.19 | H6: 0
A7: 6 | B7: ASEO GENERAL DE INMUEBLES DE 500 HASTA 1000 MTROS 2 (incluye barrida, trapeada, limpieza de vidrios) | C7: M2 | D7: 3149 | E7: =+D7 -> 3149 | F7: =+D7*6% -> 188.94 | G7: 0.19 | H7: 0
A8: 7 | B8: ASEO Y MANTENIMIENTO DE PISCINA HASTA 800 METROS CUADRADOS | C8: M2 | D8: 17736 | E8: =+D8 -> 17736 | F8: =+D8*6% -> 1064.16 | G8: 0.19 | H8: 0
A9: 8 | B9: ASEO PODA POR 100 METROS CUADRADOS | C9: M2 | D9: 18489 | E9: =+D9 -> 18489 | F9: =+D9*6% -> 1109.34 | G9: 0.19 | H9: 0
A10: 9 | B10: DEMOLICIÓN Y/O DESMONTES DE ESTRUCTURAS Y REMOCIÓN DE ESCOMBROS (3 METROS CUBICOS) | C10: M3 | D10: 640075 | E10: =+D10 -> 640075 | F10: =+D10*6% -> 38404.5 | G10: 0.19 | H10: 0
A11: 10 | B11: DEMOLICIÓN Y/O DESMONTES DE ESTRUCTURAS Y REMOCIÓN DE ESCOMBROS (METRO CUADRADO) | C11: M2 | D11: 168515 | E11: =+D11 -> 168515 | F11: =+D11*6% -> 10110.9 | G11: 0.19 | H11: 0
A12: 11 | B12: REMOCION DE ESCOMBRO (VIAJE DE RETIRO POR 3 METROS CUBICOS) | C12: M3 | D12: 464424 | E12: =+D12 -> 464424 | F12: =+D12*6% -> 27865.44 | G12: 0.19 | H12: 0
A13: 12 | B13: SERVICIO DE TRANSPORTE DE VEHICULO CAMIONETA 4X4 CON CONDUCTOR POR DIA (10 HORAS) | C13: TURNO | D13: 709671 | E13: =+D13 -> 709671 | H13: 0
A14: 13 | B14: SERVICIO DE TRANSPORTE DE VEHICULO CAMION CON CONDUCTORPOR DIA (10 HORAS) | C14: TURNO | D14: 861441 | E14: =+D14 -> 861441 | H14: 0
A15: 14 | B15: SERVICIO DE TRANSPORTE DE VEHICULO AUTOMOVIL CON CONDUCTOR POR RECORRIDO DE HASTA 80KM | C15: TRAYECTO | D15: 481805 | E15: =+D15 -> 481805 | H15: 0
A16: 15 | B16: SERVICIO DE TRANSPORTE DE VEHICULO CAMIONETA4X4 CON CONDUCTOR POR RECORRIDO DE HASTA 80 KM | C16: TRAYECTO | D16: 766196 | E16: =+D16 -> 766196 | H16: 0
A17: 16 | B17: SERVICIO DE TRANSPORTE DE VEHICULO CAMION CON CONDUCTOR POR RECORRIDO DE HASTA 80 KM | C17: TRAYECTO | D17: 1164177 | E17: =+D17 -> 1164177 | H17: 0
A18: 17 | B18: SERVICIO DE TRANSPORTE DE CARGA CAMION TURBO10 TONELADAS POR DIA | C18: DIA | D18: 861441 | E18: =+D18 -> 861441 | H18: 0
A19: 18 | B19: BODEGAJE DE ENSERES POR MINIMO 20 METROS CUADRADOS POR DIA | C19: DIA | D19: 120829 | E19: =+D19/1.19 -> 101536.97 | H19: 0.19
A20: 19 | B20: BODEGAJE DE ENSERES POR MINIMO 20 METROS CUADRADOS POR MES | C20: MES | D20: 3051011 | E20: =+D20/1.19 -> 2563874.8 | H20: 0.19
A21: 20 | B21: BODEGAJE DE ENSERES POR MINIMO 100 METROS CUADRADOS POR DIA | C21: DIA | D21: 307646 | E21: =+D21/1.19 -> 258526.05 | H21: 0.19
A22: 21 | B22: BODEGAJE DE ENSERES POR MINIMO 100 METROS CUADRADOS POR MES | C22: MES | D22: 6340052 | E22: =+D22/1.19 -> 5327774.8 | H22: 0.19
A23: 22 | B23: SERVICIO DE VISITA, INSPECCIÓN, CONCEPTO DE CERRAJERO POR DIA (DIFERENTES DE LOS ITEMS ACA DISCRIMINADOS) * EN CASO DE EJECUTARSE LA ACTIVIDAD DE CERRAJERIA SE PAGARA POR EL SERVICIO PRESTADO Y NO POR SERVICIO DE VISITA O INSPECCIÓN. | C23: DIA | D23: 298311 | E23: =+D23 -> 298311 | G23: 0.19 | H23: 0
A24: 23 | B24: SERVICIO DE CERRAJERIA AJUSTE PASADOR | C24: UND | D24: 104497 | E24: =+D24 -> 104497 | G24: 0.19 | H24: 0
A25: 24 | B25: SERVICIO DE CERRAJERIA AMAESTRAMIENTO DE CERRADURA | C25: UND | D25: 137440 | E25: =+D25 -> 137440 | G25: 0.19 | H25: 0
A26: 25 | B26: SERVICIO DE CERRAJERIA APERTURA ALTA SEGURIDAD | C26: UND | D26: 464636 | E26: =+D26 -> 464636 | G26: 0.19 | H26: 0
A27: 26 | B27: SERVICIO DE CERRAJERIA APERTURA CANDADO | C27: UND | D27: 109210 | E27: =+D27 -> 109210 | G27: 0.19 | H27: 0
A28: 27 | B28: SERVICIO DE CERRAJERIA APERTURA CERRADURA | C28: UND | D28: 122714 | E28: =+D28 -> 122714 | G28: 0.19 | H28: 0
A29: 28 | B29: SERVICIO DE CERRAJERIA APERTURA CHAPA | C29: UND | D29: 116278 | E29: =+D29 -> 116278 | G29: 0.19 | H29: 0
A30: 29 | B30: SERVICIO DE CERRAJERIA CADENA ACERADAS DE 1/2" | C30: UND | D30: 84426 | E30: =+D30 -> 84426 | G30: 0.19 | H30: 0
A31: 30 | B31: SERVICIO DE CERRAJERIA CAMBIO CILINDRO | C31: UND | D31: 151621 | E31: =+D31 -> 151621 | G31: 0.19 | H31: 0
A32: 31 | B32: SERVICIO DE CERRAJERIA CAMBIO CILINDRO ALTA SEGURIDAD | C32: UND | D32: 673142 | E32: =+D32 -> 673142 | G32: 0.19 | H32: 0
A33: 32 | B33: SERVICIO DE CERRAJERIA CANDADO GRANDE 72 mm | C33: UND | D33: 155612 | E33: =+D33 -> 155612 | G33: 0.19 | H33: 0
A34: 33 | B34: SERVICIO DE CERRAJERIA CHAPA SOLDADA | C34: UND | D34: 128604 | E34: =+D34 -> 128604 | G34: 0.19 | H34: 0
... A40: 39 | B40: SERVICIO DE CERRAJERIA MANTENIMIENTO CERRADURA ALTA SEGURIDAD ESPECIAL | C40: UND | D40: 1613224 | E40: =+D40 -> 1613224 | G40: 0.19 | H40: 0
A41: 40 | B41: CERRAMIENTO CON CEPOS | C41: UND | D41: 295924 | E41: =+D41 -> 295924 | F41: =+D41*6% -> 17755.44 | G41: 0.19 | H41: 0
A42: 41 | B42: CERRAMIENTO EN MURO POR METRO CUADRADO | C42: M2 | D42: 112523 | E42: =+D42 -> 112523 | F42: =+D42*6% -> 6751.38 | G42: 0.19 | H42: 0
A43: 42 | B43: CERRAMIENTO EN REJAPOR METRO CUADRADO | C43: M2 | D43: 323094 | E43: =+D43 -> 323094 | F43: =+D43*6% -> 19385.64 | G43: 0.19 | H43: 0
A44: 43 | B44: CERRAMIENTO CONCERTINA DE SEGURIDADPOR METRO CUADRADO | C44: M2 | D44: 80891 | E44: =+D44 -> 80891 | F44: =+D44*6% -> 4853.46 | G44: 0.19 | H44: 0
A45: 44 | B45: JORNALERO POR DIA (8 HORAS) | C45: DIA | D45: 191323 | E45: =+D45 -> 191323 | H45: 0
A46: 45 | B46: SERVICIO DE SOLDADURA DE PUERTA PARA CIERRE DEFINITIVO | C46: UND | D46: 281541 | E46: =+D46 -> 281541 | F46: =+D46*6% -> 16892.46 | G46: 0.19 | H46: 0
A47: 46 | B47: SERVICIO DE PUNTO DE SOLDADURA | C47: UND | D47: 54377 | E47: =+D47 -> 54377 | F47: =+D47*6% -> 3262.62 | G47: 0.19 | H47: 0
A48: 47 | B48: COTERO POR DIA | C48: DIA | D48: 163182 | E48: =+D48 -> 163182 | H48: 0
A49: 48 | B49: DESMALEZADA POR DIA | C49: DIA | D49: 366831 | E49: =+D49 -> 366831 | F49: =+D49*6% -> 22009.86 | G49: 0.19 | H49: 0
A50: 49 | B50: ELABORACIÓN PUERTA METALICA, MARCO Y CHAPA 2x0,80 METROS | C50: MT | D50: 1002754 | E50: =+D50 -> 1002754 | F50: =+D50*6% -> 60165.24 | G50: 0.19 | H50: 0
A51: 50 | B51: SERVICIO DE EMBALAJE EN CAJAS DE CARTONPOR UNIDAD | C51: UND | D51: 55135 | E51: =+D51 -> 55135 | H51: 0
A52: 51 | B52: SERVICIO DE FUMIGACION DESINSECTACION, DESINFECCIÓN O DESRATIZACION, SERVICIO DE PLAGUICIDA HASTA 500 M2 | C52: M2 | D52: 6213 | E52: =+D52 -> 6213 | F52: =+D52*6% -> 372.78 | G52: 0.19 | H52: 0
A53: 52 | B53: SERVICIO DE FUMIGACION DESINSECTACION, DESINFECCIÓN O DESRATIZACION, SERVICIO DE PLAGUICIDA DESDE 501 M2 HASTA 1000 M2 | C53: M2 | D53: 6213 | E53: =+D53 -> 6213 | F53: =+D53*6% -> 372.78 | G53: 0.19 | H53: 0
A54: 53 | B54: INSTALACIÓN Y SUMINISTRO DE ACOMETIDA ELECTRICA HASTA 500 METROS | C54: MT | D54: 69678 | E54: =+D54 -> 69678 | F54: =+D54*6% -> 4180.68 | G54: 0.19 | H54: 0
A55: 54 | B55: ALQUILER DE MOTOBOMBA DE HASTA 2 Hp (DIA) | C55: DIA | D55: 107988 | E55: =+D55 -> 107988 | F55: =+D55*6% -> 6479.28 | G55: 0.19 | H55: 0
A56: 55 | B56: ALQUILER DE MOTOBOMBA DE HASTA 2 Hp (SEMANA) | C56: SEMANA | D56: 736607 | E56: =+D56 -> 736607 | F56: =+D56*6% -> 44196.42 | G56: 0.19 | H56: 0
A57: 56 | B57: ALQUILER DE MOTOBOMBA DE HASTA 2 Hp (MES) | C57: MES | D57: 2676459 | E57: =+D57 -> 2676459 | F57: =+D57*6% -> 160587.54 | G57: 0.19 | H57: 0
A58: 57 | B58: ALQUILER DE PLANTA ELECTRICA DE HASTA 7000-8750 W (DIA) | C58: DIA | D58: 217065 | E58: =+D58 -> 217065 | F58: =+D58*6% -> 13023.9 | G58: 0.19 | H58: 0
A59: 58 | B59: ALQUILER DE PLANTA ELECTRICA DE HASTA 7000-8750 W (SEMANA) | C59: SEMANA | D59: 1334555 | E59: =+D59 -> 1334555 | F59: =+D59*6% -> 80073.3 | G59: 0.19 | H59: 0
A60: 59 | B60: ALQUILER DE PLANTA ELECTRICA DE HASTA 7000-8750 W (MES) | C60: MES | D60: 4358316 | E60: =+D60 -> 4358316 | F60: =+D60*6% -> 261498.96 | G60: 0.19 | H60: 0
A61: 60 | B61: INSTALACION Y SUMINISTRO CERRADURA NUEVA | C61: UND | D61: 381557 | E61: =+D61 -> 381557 | F61: =+D61*6% -> 22893.42 | G61: 0.19 | H61: 0
A62: 61 | B62: INSTALACION Y SUMINISTRO DEPESTILLO | C62: UND | D62: 243793 | E62: =+D62 -> 243793 | F62: =+D62*6% -> 14627.58 | G62: 0.19 | H62: 0
A63: 62 | B63: INSTALACIÓNDE ACOMETIDA ELECTRICA | C63: MT | D63: 65664 | E63: =+D63 -> 65664 | F63: =+D63*6% -> 3939.84 | G63: 0.19 | H63: 0
... A78: 77 | B78: SUMINISTRO E INSTALACIÓN DE VIDEO VIGILANCIA CAMARA DE VIGILANCIA ADICIONAL (MES) | C78: MES | D78: 398171 | E78: =+D78 -> 398171 | F78: =+D78*6% -> 23890.26 | G78: 0.19 | H78: 0
A79: 78 | B79: Bus Intermunicipal 40 Pasajeros Urbano Trayecto | C79: TRAYECTO | D79: 1970640 | E79: =+D79 -> 1970640 | H79: 0
A80: 79 | B80: Bus Intermunicipal 40 Pasajeros Urbano Disponibilidad 10 Horas | C80: TURNO | D80: 2684640 | E80: =+D80 -> 2684640 | H80: 0
A81: 80 | B81: Bus Intermunicipal 40 Pasajeros Rural Trayecto | C81: TRAYECTO | D81: 1599360 | E81: =+D81 -> 1599360 | H81: 0
A82: 81 | B82: Bus Intermunicipal 40 Pasajeros Rural Disponibilidad 10 Horas | C82: TURNO | D82: 5033700 | E82: =+D82 -> 5033700 | H82: 0
A83: 82 | B83: Vigilancia armada | C83: HR | D83: 39311 | E83: =+D83 -> 39311 | F83: =+D83*6% -> 2358.66 | G83: 0.19 | H83: 0
